[ AOE2 MATCH · #504921625 ]
UnrankedMalay vs Mongols
Player's team · WIN
Rival team · LOSS
[ REPLAY ANALYSIS · EXTRACTED FROM THE RECORDED GAME ]
Feudal
10:10
Castle
24:18
Imperial
—
| APM avg | 39.1 |
| APM peak | 65 |
| eAPM avg | 23.9 |
| Villagers / military | 95 / 46 |
Focus
⚔️ 33.1% · 🌾 66.9%
Archer ×39 · Fishing Ship ×16 · Militia ×3 · Mangonel ×2 · Skirmisher ×2
Feudal
9:20
Castle
22:50
Imperial
—
| APM avg | 43.4 |
| APM peak | 86 |
| eAPM avg | 17.0 |
| Villagers / military | 70 / 44 |
Focus
⚔️ 36.5% · 🌾 63.5%
Archer ×21 · Skirmisher ×11 · Mangonel ×6 · Militia ×4 · Battering Ram ×2
Match map
Initial resources + every placement click. Lines = walls · curves = elevation contours. ◆ gold · ⬟ stone · ● berries · ✦ relic · ◌ wall gap
Your base· Open — 3t gap
DS_Rene Lavand's base· Open — unwalled flank
Smoothed initial terrain · ◌ = detected wall gap · hover for details
Inputs per minute
— [TSU] I-am-the-1AW - - DS_Rene Lavand
Build order — [TSU] I-am-the-1AW
First 150 of 229 actions detected
| 0:01 | Queue | Villager (Male) ×4 |
| 0:02 | Build | House |
| 0:04 | Build | House |
| 1:23 | Queue | Villager (Male) |
| 1:24 | Queue | Villager (Male) |
| 1:45 | Build | Lumber Camp |
| 1:59 | Queue | Villager (Male) |
| 2:00 | Queue | Villager (Male) |
| 2:16 | Queue | Villager (Male) |
| 2:47 | Queue | Villager (Male) |
| 2:47 | Queue | Villager (Male) |
| 3:19 | Queue | Villager (Male) |
| 3:20 | Queue | Villager (Male) |
| 3:49 | Queue | Villager (Male) |
| 3:55 | Build | House |
| 4:10 | Queue | Villager (Male) |
| 4:34 | Build | Dock |
| 4:40 | Queue | Villager (Male) |
| 5:14 | Queue | Fishing Ship |
| 5:14 | Queue | Fishing Ship |
| 5:17 | Queue | Villager (Male) |
| 5:18 | Queue | Villager (Male) |
| 5:37 | Queue | Villager (Male) |
| 5:58 | Queue | Fishing Ship |
| 6:08 | Build | House |
| 6:11 | Queue | Villager (Male) |
| 6:11 | Queue | Villager (Male) |
| 6:33 | Queue | Villager (Male) |
| 6:39 | Queue | Villager (Male) |
| 6:39 | Queue | Villager (Male) |
| 6:39 | Queue | Villager (Male) |
| 6:48 | Queue | Fishing Ship |
| 6:48 | Queue | Fishing Ship |
| 6:49 | Queue | Villager (Male) |
| 6:50 | Queue | Villager (Male) |
| 7:10 | Queue | Villager (Male) |
| 7:10 | Queue | Villager (Male) |
| 7:10 | Queue | Villager (Male) |
| 7:37 | Queue | Villager (Male) |
| 7:55 | Queue | Villager (Male) |
| 8:03 | Build | Mill |
| 8:19 | Queue | Villager (Male) |
| 8:20 | Build | House |
| 8:27 | Research | Loom |
| 8:37 | Research | Feudal Age |
| 8:37 | Research | Feudal Age |
| 9:14 | Queue | Villager (Male) |
| 9:51 | Build | Barracks |
| 10:10 | Age | Feudal Age |
| 10:16 | Queue | Villager (Male) |
| 10:27 | Queue | Militia |
| 10:27 | Queue | Militia |
| 10:28 | Queue | Militia |
| 10:55 | Build | Mining Camp |
| 10:56 | Queue | Villager (Male) |
| 11:07 | Build | Mill |
| 11:08 | Queue | Villager (Male) |
| 11:31 | Queue | Villager (Male) |
| 11:49 | Build | Lumber Camp |
| 12:22 | Queue | Villager (Male) |
| 12:38 | Build | House |
| 12:51 | Research | Man-at-Arms (upgrade) |
| 13:16 | Build | Palisade Wall |
| 13:39 | Build | Archery Range |
| 13:41 | Queue | Villager (Male) |
| 13:51 | Queue | Villager (Male) |
| 13:58 | Research | Double-Bit Axe |
| 14:06 | Queue | Villager (Male) |
| 14:09 | Build | Palisade Wall |
| 14:18 | Queue | Villager (Male) |
| 14:27 | Queue | Archer |
| 14:27 | Queue | Archer |
| 14:27 | Queue | Archer |
| 14:40 | Build | House |
| 14:41 | Queue | Villager (Male) |
| 14:55 | Build | Lumber Camp |
| 14:57 | Queue | Villager (Male) |
| 15:10 | Queue | Villager (Male) |
| 15:12 | Queue | Archer |
| 15:15 | Build | Watch Tower |
| 15:19 | Queue | Villager (Male) |
| 15:23 | Queue | Archer |
| 15:38 | Queue | Archer |
| 15:51 | Queue | Villager (Male) |
| 16:14 | Queue | Villager (Male) |
| 16:20 | Build | Blacksmith |
| 16:22 | Queue | Villager (Male) |
| 16:25 | Queue | Skirmisher |
| 16:25 | Queue | Skirmisher |
| 16:34 | Queue | Fishing Ship |
| 16:59 | Build | Dock |
| 16:59 | Queue | Villager (Male) |
| 17:05 | Queue | Archer |
| 17:05 | Queue | Archer |
| 17:23 | Queue | Fishing Ship |
| 17:23 | Research | Tech 906 |
| 17:31 | Build | Mining Camp |
| 17:36 | Queue | Archer |
| 17:46 | Queue | Fishing Ship |
| 17:51 | Build | House |
| 17:53 | Build | House |
| 17:54 | Build | House |
| 17:54 | Queue | Villager (Male) |
| 17:57 | Queue | Fishing Ship |
| 18:02 | Queue | Villager (Male) |
| 18:25 | Build | Gate |
| 18:29 | Build | Gate |
| 18:30 | Queue | Villager (Male) |
| 18:39 | Build | House |
| 19:02 | Queue | Villager (Male) |
| 19:07 | Queue | Fishing Ship |
| 19:07 | Queue | Fishing Ship |
| 19:08 | Queue | Fishing Ship |
| 19:14 | Queue | Villager (Male) |
| 19:19 | Queue | Villager (Male) |
| 19:26 | Research | Fletching |
| 19:29 | Queue | Archer |
| 19:38 | Queue | Archer |
| 19:45 | Build | Market |
| 19:49 | Queue | Villager (Male) |
| 19:53 | Queue | Archer |
| 19:58 | Build | House |
| 20:03 | Build | House |
| 20:06 | Build | House |
| 20:22 | Queue | Fishing Ship |
| 20:22 | Queue | Fishing Ship |
| 20:26 | Build | House |
| 20:26 | Build | House |
| 20:27 | Queue | Villager (Male) |
| 20:55 | Queue | Archer |
| 20:56 | Queue | Archer |
| 21:08 | Build | Outpost |
| 21:43 | Build | Gate |
| 21:48 | Build | Palisade Gate |
| 21:50 | Queue | Villager (Male) |
| 22:28 | Build | Watch Tower |
| 22:33 | Queue | Villager (Male) |
| 22:36 | Queue | Fishing Ship |
| 22:37 | Queue | Fishing Ship |
| 22:40 | Research | Castle Age |
| 22:41 | Research | Castle Age |
| 22:43 | Queue | Villager (Male) |
| 23:09 | Build | Mining Camp |
| 23:29 | Build | Mining Camp |
| 23:33 | Queue | Villager (Male) |
| 23:44 | Queue | Archer |
| 23:44 | Queue | Archer |
| 23:45 | Build | Archery Range |
| 23:54 | Queue | Villager (Male) |
| 24:17 | Queue | Archer |
Build order — DS_Rene Lavand
First 150 of 200 actions detected
| 0:02 | Queue | Villager (Male) |
| 0:02 | Queue | Villager (Male) |
| 0:02 | Queue | Villager (Male) |
| 0:02 | Queue | Villager (Male) |
| 0:03 | Queue | Villager (Male) |
| 0:04 | Build | House |
| 0:05 | Build | House |
| 1:22 | Queue | Villager (Male) |
| 1:53 | Queue | Villager (Male) |
| 1:59 | Build | Lumber Camp |
| 2:10 | Queue | Villager (Male) |
| 2:10 | Queue | Villager (Male) |
| 2:14 | Build | Lumber Camp |
| 2:48 | Queue | Villager (Male) |
| 2:49 | Queue | Villager (Male) |
| 3:08 | Queue | Villager (Male) |
| 3:29 | Build | House |
| 3:34 | Queue | Villager (Male) |
| 3:34 | Queue | Villager (Male) |
| 4:09 | Queue | Villager (Male) |
| 4:33 | Build | Mill |
| 4:35 | Queue | Villager (Male) |
| 4:57 | Queue | Villager (Male) |
| 4:57 | Queue | Villager (Male) |
| 5:12 | Queue | Villager (Male) |
| 5:58 | Queue | Villager (Male) |
| 6:27 | Research | Loom |
| 7:10 | Research | Feudal Age |
| 7:28 | Build | Barracks |
| 7:35 | Build | House |
| 8:14 | Queue | Militia |
| 8:14 | Queue | Militia |
| 8:14 | Queue | Militia |
| 9:07 | Queue | Militia |
| 9:20 | Age | Feudal Age |
| 9:27 | Build | Archery Range |
| 9:35 | Queue | Villager (Male) |
| 9:36 | Queue | Villager (Male) |
| 9:40 | Build | House |
| 10:09 | Research | Man-at-Arms (upgrade) |
| 10:09 | Research | Man-at-Arms (upgrade) |
| 10:11 | Queue | Villager (Male) |
| 10:11 | Queue | Villager (Male) |
| 10:11 | Queue | Villager (Male) |
| 10:11 | Queue | Villager (Male) |
| 10:16 | Build | House |
| 10:35 | Build | Watch Tower |
| 10:47 | Build | Mining Camp |
| 11:04 | Queue | Villager (Male) |
| 11:05 | Queue | Villager (Male) |
| 11:15 | Queue | Archer |
| 11:15 | Queue | Archer |
| 11:16 | Queue | Archer |
| 11:55 | Queue | Villager (Male) |
| 11:55 | Queue | Villager (Male) |
| 11:55 | Queue | Villager (Male) |
| 11:56 | Queue | Villager (Male) |
| 11:57 | Queue | Skirmisher |
| 11:57 | Queue | Skirmisher |
| 12:00 | Queue | Skirmisher |
| 12:00 | Queue | Skirmisher |
| 12:22 | Queue | Villager (Male) |
| 12:25 | Build | Blacksmith |
| 12:35 | Queue | Archer |
| 12:36 | Queue | Archer |
| 12:43 | Build | Palisade Wall |
| 12:43 | Build | Palisade Wall |
| 12:44 | Build | Palisade Wall |
| 12:44 | Build | Palisade Wall |
| 12:44 | Build | Palisade Wall |
| 12:48 | Build | Palisade Wall |
| 13:00 | Queue | Archer |
| 13:00 | Queue | Archer |
| 13:18 | Build | House |
| 13:35 | Research | Fletching |
| 13:49 | Build | Mill |
| 13:57 | Build | House |
| 13:59 | Queue | Archer |
| 13:59 | Queue | Archer |
| 14:06 | Build | Market |
| 14:33 | Queue | Archer |
| 14:37 | Build | Farm |
| 14:37 | Build | Farm |
| 14:43 | Build | House |
| 14:57 | Build | Farm |
| 15:06 | Queue | Archer |
| 15:21 | Queue | Villager (Male) |
| 15:25 | Build | Farm |
| 15:28 | Build | Farm |
| 15:37 | Queue | Skirmisher |
| 16:12 | Queue | Villager (Male) |
| 16:12 | Queue | Villager (Male) |
| 16:13 | Queue | Villager (Male) |
| 16:13 | Queue | Villager (Male) |
| 16:16 | Build | Farm |
| 16:39 | Build | Watch Tower |
| 17:10 | Queue | Villager (Male) |
| 17:11 | Queue | Villager (Male) |
| 17:11 | Queue | Villager (Male) |
| 17:39 | Queue | Archer |
| 17:39 | Queue | Archer |
| 17:40 | Queue | Archer |
| 17:40 | Queue | Archer |
| 17:53 | Build | Palisade Wall |
| 17:54 | Build | Palisade Wall |
| 17:55 | Build | Palisade Wall |
| 17:55 | Build | Palisade Wall |
| 17:55 | Build | Palisade Wall |
| 17:55 | Build | Palisade Wall |
| 17:56 | Build | Palisade Wall |
| 17:56 | Build | Palisade Wall |
| 17:56 | Build | Palisade Wall |
| 17:57 | Build | Palisade Wall |
| 17:58 | Build | Palisade Wall |
| 18:14 | Queue | Villager (Male) |
| 19:35 | Queue | Skirmisher |
| 19:36 | Queue | Archer |
| 19:55 | Build | Watch Tower |
| 20:10 | Research | Castle Age |
| 20:27 | Queue | Skirmisher |
| 20:56 | Queue | Skirmisher |
| 20:56 | Queue | Skirmisher |
| 20:57 | Queue | Skirmisher |
| 20:57 | Queue | Skirmisher |
| 21:07 | Build | Watch Tower |
| 21:12 | Queue | Villager (Male) |
| 21:15 | Build | Farm |
| 21:18 | Build | Farm |
| 21:18 | Build | Farm |
| 21:19 | Build | Farm |
| 22:47 | Build | Watch Tower |
| 22:50 | Age | Castle Age |
| 22:56 | Research | Bodkin Arrow |
| 22:58 | Research | Crossbowman (upgrade) |
| 23:04 | Build | Farm |
| 23:05 | Build | Farm |
| 23:07 | Build | Farm |
| 23:07 | Build | Farm |
| 23:08 | Build | Farm |
| 23:08 | Build | Farm |
| 23:09 | Queue | Villager (Male) |
| 23:38 | Build | Farm |
| 24:01 | Queue | Archer |
| 24:01 | Queue | Archer |
| 24:03 | Queue | Villager (Male) |
| 24:03 | Queue | Villager (Male) |
| 24:03 | Queue | Villager (Male) |
| 24:13 | Build | House |
| 24:18 | Queue | Villager (Male) |
| 24:18 | Queue | Villager (Male) |
Match timeline
| 4:34 | [TSU] I-am-the-1AW · first_building Dock |
| 7:28 | DS_Rene Lavand · first_building Barracks |
| 9:20 | DS_Rene Lavand · age_up feudal |
| 9:27 | DS_Rene Lavand · first_building Archery Range |
| 9:51 | [TSU] I-am-the-1AW · first_building Barracks |
| 10:10 | [TSU] I-am-the-1AW · age_up feudal |
| 12:43 | DS_Rene Lavand · wall_segment Palisade Wall x1 |
| 12:43 | DS_Rene Lavand · wall_segment Palisade Wall x1 |
| 12:44 | DS_Rene Lavand · wall_segment Palisade Wall x2 |
| 12:44 | DS_Rene Lavand · wall_segment Palisade Wall x1 |
| 12:44 | DS_Rene Lavand · wall_segment Palisade Wall x1 |
| 12:48 | DS_Rene Lavand · wall_segment Palisade Wall x3 |
| 13:16 | [TSU] I-am-the-1AW · wall_segment Palisade Wall x1 |
| 13:39 | [TSU] I-am-the-1AW · first_building Archery Range |
| 14:09 | [TSU] I-am-the-1AW · wall_segment Palisade Wall x1 |
| 16:28 | DS_Rene Lavand · first_market_sell 100 wood |
| 16:30 | DS_Rene Lavand · first_market_buy 100 stone |
| 17:53 | DS_Rene Lavand · wall_segment Palisade Wall x1 |
| 17:54 | DS_Rene Lavand · wall_segment Palisade Wall x1 |
| 17:55 | DS_Rene Lavand · wall_segment Palisade Wall x1 |
| 17:55 | DS_Rene Lavand · wall_segment Palisade Wall x1 |
| 17:55 | DS_Rene Lavand · wall_segment Palisade Wall x1 |
| 17:55 | DS_Rene Lavand · wall_segment Palisade Wall x1 |
| 17:56 | DS_Rene Lavand · wall_segment Palisade Wall x1 |
| 17:56 | DS_Rene Lavand · wall_segment Palisade Wall x1 |
| 17:56 | DS_Rene Lavand · wall_segment Palisade Wall x1 |
| 17:57 | DS_Rene Lavand · wall_segment Palisade Wall x1 |
| 17:58 | DS_Rene Lavand · wall_segment Palisade Wall x1 |
| 21:02 | [TSU] I-am-the-1AW · first_market_buy 100 food |
| 22:50 | DS_Rene Lavand · age_up castle |
| 24:18 | [TSU] I-am-the-1AW · age_up castle |
| 24:24 | [TSU] I-am-the-1AW · first_market_sell 100 food |
| 25:41 | DS_Rene Lavand · first_building Siege Workshop |
| 28:09 | [TSU] I-am-the-1AW · first_building Siege Workshop |
| 32:10 | [TSU] I-am-the-1AW · first_building Monastery |
| 32:49 | [TSU] I-am-the-1AW · first_building Castle |
| 33:32 | DS_Rene Lavand · resign |
[ AI ANALYSIS · 1 CREDIT ]
What really happened in this match?
Wolo.gg analyzes every decision: build order, eco, micro, common mistakes by bracket. Personalized analysis on WhatsApp or Discord in 30 seconds.
Civ guide
Malay
Perfil
[TSU] I-am-the-1AW